 Dungeon Crawl Stone Soup version 0.30-a0-986-g7f2e898f52 (webtiles) character file.

Game seed: 13452731029248883786

677 Jackthecabe the Reanimator (level 7, -1/52 HPs)
             Began as a Vampire Necromancer on Apr 2, 2023.
             Slain by a gnoll sergeant
             ... wielding a +0 spear
              (9 damage)
             ... on level 5 of the Dungeon.
             The game lasted 00:10:53 (5464 turns).

Jackthecabe the Reanimator (Vampire Necromancer)    Turns: 5464, Time: 00:10:53

Health: -1/52      AC:  2    Str:  7    XL:     7   Next: 33%
Magic:  1/11       EV: 12    Int: 25    God:
Gold:   266        SH:  0    Dex: 15    Spells: 2/12 levels left

rFire   . . .      SeeInvis +    d - +2 hand axe (flame)
rCold   . . .      Faith    .    (no shield)
rNeg    . . .      Spirit   .    a - +0 robe
rPois   .          Reflect  .    (no helmet)
rElec   .          Rampage  .    (no cloak)
rCorr   +                        (no gloves)
Will    .....                    (no boots)
Stlth   ++                       k - amulet of the acrobat
HPRegen 0.48/turn                I - +6 ring of intelligence
MPRegen 0.12/turn                R - ring of resist corrosion

@: healing quickly
A: alive, fangs 3, see invisible, vampiric 2
a: Exsanguinate


You were on level 5 of the Dungeon.
You visited 1 branch of the dungeon, and saw 5 of its levels.

You collected 266 gold pieces.


Innate Abilities, Weirdness & Mutations

Your natural rate of healing is accelerated.
You have razor-sharp teeth.
You have supernaturally acute eyesight. (SInv)
You are afflicted with vampirism and can become a bat while bloodless.


   Skills:
 + Level 3.2 Fighting
 - Level 2.1 Dodging
 - Level 3.0 Stealth
 - Level 3.0 Spellcasting
 - Level 8.0 Necromancy
 - Level 2.0 Fire Magic


You had 2 spell levels left.
You knew the following spells:

 Your Spells              Type           Power      Damage    Failure   Level
a - Animate Dead          Necr           43%        N/A       3%          4
v - Vampiric Draining     Necr           43%        2d9       1%          3
X - Necrotise             Necr           100%       1d9       1%          1
Y - Scorch                Fire           26%        2d6       7%          2

Your spell library contained the following spells:

 Spells                   Type           Power      Damage    Failure   Level
 Agony                    Necr           43%        N/A       11%         5
 Flame Wave               Conj/Fire      8%         2d5       54%         4
 Summon Cactus Giant      Summ           1%         N/A       100%        6

Inventory:

Hand Weapons
 d - a +2 hand axe of flaming (weapon)
Armour
 a - a +0 robe (worn)
 l - a +0 helmet
Jewellery
 k - an amulet of the acrobat (around neck)
 I - a +6 ring of intelligence (left hand)
 R - a ring of resist corrosion (right hand)
Scrolls
 e - a scroll of fear {unknown}
 f - 2 scrolls of enchant weapon {unknown}
 i - 3 scrolls of identify {unknown}
 j - a scroll of immolation {unknown}
 m - a scroll of teleportation {unknown}
 o - a scroll of brand weapon {unknown}
 p - a scroll of blinking {unknown}
Potions
 b - a potion of magic
 c - a potion of cancellation {unknown}
 g - a potion of ambrosia {unknown}
 h - 3 potions of lignification {unknown}
 n - a potion of curing {unknown}
 q - a potion of flight {unknown}
 r - a potion of attraction {unknown}
 s - a potion of mutation {unknown}
 t - a potion of degeneration {unknown}

Dungeon Overview and Level Annotations

Branches:
Dungeon (5/15)
 Temple: D:4-7

Altars:

Shops:
D:4 *

Annotations:
D:3 Grinder

#.# ######.### #.#
#.# #.# ### ##.##
##...# #....# ♣♣♣♣♣♣
#..>.# ♣♣♣....♣♣♣♣
#....#♣♣♣♣♣..♣♣♣....♣
#...@g.....♣♣♣ ♣♣♣♣..
#.#.......♣♣ ♣♣♣
#.##.#♣♣♣♣♣ #....#
####.# #.# #.# #.#
#.# ♣


You could see a gnoll sergeant (combustible).


Message History

The gnoll sergeant's fire resistance burns away.
The gnoll sergeant hits you from afar with a +0 spear.
Casting: Scorch (safe; 7% risk of failure)
Confirm with . or Enter, or press ? or * to list all spells.
Flames lash the gnoll sergeant.
The gnoll sergeant is burned terribly!
The gnoll sergeant is heavily wounded.
The gnoll sergeant hits you from afar with a +0 spear.
Casting: Scorch (safe; 7% risk of failure)
Confirm with . or Enter, or press ? or * to list all spells.
Flames lash the gnoll sergeant but do no damage.
The gnoll sergeant hits you from afar with a +0 spear!
Casting: Scorch (safe; 7% risk of failure)
Confirm with . or Enter, or press ? or * to list all spells.
Flames lash the gnoll sergeant.
The gnoll sergeant is heavily wounded.
The gnoll sergeant hits you from afar with a +0 spear.
The gnoll sergeant hits you with a +0 spear!
* * * LOW HITPOINT WARNING * * *
You hit the gnoll sergeant. You burn the gnoll sergeant.
The gnoll sergeant is almost dead.
The gnoll sergeant hits you with a +0 spear!
* * * LOW HITPOINT WARNING * * *
You hit the gnoll sergeant but do no damage.
The gnoll sergeant is almost dead.
The gnoll sergeant hits you with a +0 spear.
* * * LOW HITPOINT WARNING * * *
You hit the gnoll sergeant but do no damage.
The gnoll sergeant is almost dead.
The gnoll sergeant hits you with a +0 spear!
You die...

Skill      XL: |  1  2  3  4  5  6  7 |
---------------+----------------------+-----
Necromancy     | 5 6 7 8 |  8.0
Spellcasting   | 3 |  3.0
Fire Magic     | 2 |  2.0
Fighting       | 2 3 |  3.2
Dodging        | |  2.1
Stealth        | |  3.0

Action                     |  1- 3 |  4- 6 |  7- 9 || total
---------------------------+-------+-------+-------++-------
  Melee: Unarmed           |     2 |       |       ||     2
         Hand axe          |     8 |    15 |     4 ||    27
         Bite              |     1 |     1 |       ||     2
   Cast: Necrotise         |    85 |    65 |     4 ||   154
         Scorch            |       |     9 |    10 ||    19
Ability: Exsanguinate      |       |     1 |       ||     1
         Revivify          |       |     1 |       ||     1
 Armour: Robe              |    10 |     6 |       ||    16
  Dodge: Dodged            |    26 |    27 |     4 ||    57

Levels and vault maps discovered:
D:1:      tekkud_arrival_beachfront_property, layout_loops_cross,
          nicolae_ecumenical_snake_handling
D:2:      layout_rooms
D:3:      layout_basic, serial_shops, shop, uniq_robin, uniq_grinder
D:4:      layout_loops_ring, zin_treasury, serial_shops,
          nicolae_shop_advertising_works [nicolae_subvault_shop_adworks]
D:5:      kb_forest_paths, layout_loops_corners, slow_altar_2,
          nicolae_concentric_dashed_squares_mild

Notes
Turn   | Place    | Note
-------+----------+-------------------------------------------
     0 | D:1      | Jackthecabe the Vampire Necromancer began the quest for the
                  | Orb.
     0 | D:1      | Reached XP level 1. HP: 13/13 MP: 3/3
     9 | D:1      | You fall into a shaft and drop 1 floor!
   165 | D:1      | Found a faded altar of an unknown god.
   176 | D:1      | Reached XP level 2. HP: 19/19 MP: 1/5
   395 | D:1      | Reached skill level 5 in Necromancy
  1152 | D:2      | Gained mutation: You are afflicted with vampirism and can
                  | become a bat while bloodless. [Vampire growth]
  1152 | D:2      | Reached XP level 3. HP: 24/24 MP: 4/6
  1156 | D:2      | Learned a level 3 spell: Vampiric Draining
  2097 | D:3      | Noticed Grinder
  2169 | D:3      | Found Gistalipt's Antique Armour Boutique.
  2176 | D:3      | Reached skill level 6 in Necromancy
  2281 | D:3      | Reached XP level 4. HP: 28/30 MP: 0/7
  2431 | D:3      | Noticed Robin
  2437 | D:3      | Killed Robin
  2839 | D:3      | Noticed a scorpion
  2848 | D:3      | Killed a scorpion
  2849 | D:3      | Reached skill level 7 in Necromancy
  2849 | D:3      | Reached XP level 5. HP: 35/35 MP: 4/8
  2854 | D:3      | Learned a level 4 spell: Animate Dead
  3528 | D:4      | Noticed a phantom
  3749 | D:4      | Noticed an ice beast
  3933 | D:4      | Found Houvyoh's Assorted Antiques.
  4589 | D:4      | Killed an ice beast
  4590 | D:4      | Reached skill level 3 in Spellcasting
  4590 | D:4      | Reached XP level 6. HP: 36/36 MP: 4/10
  4693 | D:3      | Learned a level 2 spell: Scorch
  4722 | D:4      | Reached skill level 8 in Necromancy
  4800 | D:4      | Reached skill level 1 in Fire Magic
  4922 | D:5      | Entered Level 5 of the Dungeon
  5049 | D:5      | Reached skill level 2 in Fire Magic
  5049 | D:5      | Reached skill level 1 in Fighting
  5269 | D:5      | Reached skill level 2 in Fighting
  5269 | D:5      | Reached XP level 7. HP: 45/51 MP: 7/11
  5281 | D:5      | Reached skill level 3 in Fighting
  5464 | D:5      | Slain by a gnoll sergeant

Vanquished Creatures
  An ice beast (D:4)
  A black bear (D:5)
  2 phantoms
  2 scorpions
  2 hounds
  An iguana (D:4)
  Robin (D:3)
  3 adders
  A white imp (D:5)
  2 worms
  2 dart slugs
  2 orcs
  9 ball pythons
  7 endoplasms
  4 giant cockroaches
  6 hobgoblins
  4 jackals (D:2)
  2 quokkas
  6 bats
  2 frilled lizards
  16 goblins
  5 kobolds
  2 rats (D:2)
83 creatures vanquished.

Vanquished Creatures (collateral kills)
  An adder (D:3)
  3 kobolds
  A ball python (D:1)
  A rat (D:1)
6 creatures vanquished.

Grand Total: 89 creatures vanquished

Table legend: (Time is in decaauts)
 A = Elapsed time spent in this place.
 B = Non-inter-level travel time spent in this place.
 C = Inter-level travel time spent in this place.
 D = Time resting spent in this place.
 E = Time spent auto-exploring this place.
 F = Levels seen in this place.
 G = Mean time per level.
                   A        B        C        D        E       F      G
               +--------+--------+--------+--------+--------+-----+--------+
         Total |   5472 |   5172 |    300 |    274 |   3830 |   5 | 1094.4 |
       Dungeon |   5472 |   5172 |    300 |    274 |   3830 |   5 | 1094.4 |
               +--------+--------+--------+--------+--------+-----+--------+

Top non-repeatable levels by time:
     D:3: 1735 daAuts
     D:4: 1246 daAuts
     D:1: 1094 daAuts
     D:2: 851 daAuts
     D:5: 543 daAuts

Table legend:
 A = Non-vault XP
 B = Vault XP
 C = Vault XP percentage of total XP
 D = Non-vault monster count
 E = Vault monster count
 F = Vault count percentage of total count
                 A         B        C        D         E       F
            +---------+---------+-------+---------+---------+-------
      Total |     569 |     399 |  41.2 |      68 |      21 |  23.6
            +---------+---------+-------+---------+---------+-------
        D:1 |      31 |       4 |  11.4 |      17 |       3 |  15.0
        D:2 |      36 |       0 |   0.0 |      19 |       0 |   0.0
        D:3 |     149 |      38 |  20.3 |      19 |      13 |  40.6
        D:4 |     343 |       0 |   0.0 |      12 |       0 |   0.0
        D:5 |      10 |     357 |  97.3 |       1 |       5 |  83.3
            +---------+---------+-------+---------+---------+-------
